 Dungeon Crawl Stone Soup version 0.31-a0-981-geadf994542 (webtiles) character file.

Game seed: 2744589032496713115

3857 IdlyInterested the Fighter (level 9, 0/83 HPs)
             Began as a Demonspawn Fighter on Oct 31, 2023.
             Slain by Erica
             ... wielding a +3 scimitar of flaming
              (1 damage)
             ... on level 8 of the Dungeon.
             The game lasted 00:25:40 (7963 turns).

IdlyInterested the Fighter (Demonspawn Fighter)     Turns: 7963, Time: 00:25:42

Health: 0/83       AC: 18    Str: 20    XL:     9   Next: 99%
Magic:  9/9        EV:  7    Int:  9    God:
Gold:   321        SH:  0    Dex: 20    Spells: 8/8 levels left

rFire   . . .        V - +0 hand axe (drain)
rCold   + . .        (no shield)
rNeg    . . .        A - +0 plate armour
rPois   .            (helmet restricted)
rElec   .            w - +1 cloak
rCorr   .            r - +0 pair of gloves
SInv    .            b - +0 pair of boots
Will    .....        m - amulet of regeneration Stlth
                     e - ring of protection from cold
HPRegen 1.13/turn    f - +6 ring of dexterity
MPRegen 0.11/turn

%: clarity
@: hasted, very quick
A: slimy green scales 1, demonic guardian 1, spiny 1, demonic touch 2, horns 1,
clarity
a: no special abilities


You were on level 8 of the Dungeon.
You visited 2 branches of the dungeon, and saw 9 of its levels.
You also visited: Ossuary.

You collected 321 gold pieces.

Inventory:

Hand Weapons
 x - a +0 war axe
 J - a +2 whip of electrocution
 R - a +2 hand axe of flaming
 V - a +0 hand axe of draining (weapon)
Missiles
 k - 64 stones (quivered)
 o - 9 poisoned darts
 v - 27 boomerangs
 C - 6 atropa-tipped darts
 G - a throwing net
Armour
 b - a +0 pair of boots (worn)
 h - a +1 leather armour of fire resistance
 r - a +0 pair of gloves (worn)
 w - a +1 cloak (worn)
 A - a +0 plate armour (worn)
 F - a +0 helmet
 T - a +0 helmet
Magical Staves
 l - a staff of fire
Jewellery
 d - an amulet of reflection
 e - a ring of protection from cold (left hand)
 f - a +6 ring of dexterity (right hand)
 m - an amulet of regeneration (around neck)
 t - a ring of fire
 z - a ring of willpower
 D - an amulet of guardian spirit
 E - a ring of ice
Wands
 a - a wand of flame (11)
 S - a wand of iceblast (20)
 U - a wand of paralysis (5)
Scrolls
 g - a scroll of enchant armour
 i - 5 scrolls of teleportation
 q - a scroll of revelation
 s - a scroll of poison
 u - 3 scrolls of amnesia
 y - 3 scrolls of brand weapon {unknown}
 K - a scroll of fog {unknown}
 L - a scroll of immolation {unknown}
 Q - 2 scrolls of enchant weapon {unknown}
Potions
 c - 3 potions of might
 n - 4 potions of lignification
 p - a potion of enlightenment
 B - 4 potions of mutation
 I - 2 potions of curing
 M - 3 potions of haste
 N - a potion of ambrosia {unknown}
 O - a potion of degeneration {unknown}
 P - 2 potions of attraction


   Skills:
 * Level 12.5 Fighting
 + Level 2.7 Axes
 - Level 2.0 Throwing
 - Level 4.0 Armour
 - Level 2.0 Dodging
 - Level 4.0 Stealth
 - Level 2.6 Shields
 - Level 2.0 Unarmed Combat
 - Level 2.0 Evocations


You had 8 spell levels left.
You didn't know any spells.
Your spell library contained the following spells:

 Spells                   Type           Power      Damage    Failure   Level
 Foxfire                  Conj/Fire      0%         2x1d4     100%        1
 Freeze                   Ice            0%         1d3       100%        1
 Wereblood                Tmut           0%         N/A       100%        2
 Frozen Ramparts          Ice            0%         1d1       100%        3
 Gell's Gravitas          Tloc           0%         N/A       100%        3
 Hailstorm                Conj/Ice       0%         3d3       100%        3
 Teleport Other           Tloc           0%         N/A       100%        3
 Tukima's Dance           Hex            0%         N/A       100%        3
 Volatile Blastmotes      Fire/Tloc      0%         2d10      100%        3
 Dimensional Bullseye     Hex/Tloc       0%         N/A       100%        4
 Fulminant Prism          Conj/Hex       0%         3d5       100%        4
 Iskenderun's Mystic Bla  Conj/Tloc      0%         2d3       100%        4
 Passage of Golubria      Tloc           0%         N/A       100%        4
 Vhi's Electric Charge    Tloc/Air       0%         N/A       100%        4
 Arcjolt                  Conj/Air       0%         1d10      100%        5
 Irradiate                Conj/Tmut      0%         3d11      100%        5
 Silence                  Hex/Air        0%         N/A       100%        5
 Dispersal                Tloc           0%         N/A       100%        6
 Plasma Beam              Fire/Air       0%         2x1d10    100%        6
 Starburst                Conj/Fire      0%         6d3       100%        6
 Lehudib's Crystal Spear  Conj/Erth      0%         10d2      100%        8


Dungeon Overview and Level Annotations

Branches:
Dungeon (8/15)             Temple (1/1) D:6         Ossuary (visited)
   Lair: D:8-11

Altars:
Ashenzari
Cheibriados
Dithmenos
Fedhas
Gozag
Hepliaklqana
Kikubaaqudgha
Makhleb
Okawaru
Qazlal
Sif Muna
Trog
Vehumet
Wu Jian
Xom
Yredelemnul

Annotations:
D:8 Erica, Maurice


Innate Abilities, Weirdness & Mutations

You are partially covered in slimy green scales. (AC +2)
A weak demonic guardian rushes to your aid.
You are partially covered in sharp spines.
Your touch may inflict irresistible damage on your foes.
You have a pair of small horns on your head.
You possess an exceptional clarity of mind.


Message History

The elephant is struck by your spines. The elephant tramples you.
* * * LOW HITPOINT WARNING * * *
You stumble backwards!
You hit the elephant but do no damage.
You touch the elephant!
The elephant is heavily wounded.
The elephant is struck by your spines.
The elephant tramples you but does no damage.
The elephant barely misses you.
You hit the elephant.
You headbutt the elephant, but do no damage.
The elephant is heavily wounded.
You hit something. You hit the elephant but do no damage.
You drain the elephant.
You touch the elephant!
The elephant is severely wounded.
You hit something. Something completely misses you.
The elephant tramples you but does no damage.
The elephant trunk-slaps you but does no damage.
You hit the elephant. You headbutt the elephant!
The elephant is almost dead.
You miss something. You hit the black bear. You drain the black bear.
You hear some strange, mumbled words.
A lance of force appears from out of thin air!
The lance of force hits you!
* * * LOW HITPOINT WARNING * * *
A demonic guardian appears!
You are knocked back by the lance of force.
You slam into the rock wall!
The elephant tramples you but does no damage.
The elephant trunk-slaps you but does no damage.
The black bear bites you but does no damage.
The black bear closely misses you.
The black bear claws you but does no damage.
You hit the elephant. You drain the elephant. You headbutt the elephant.
You kill the elephant!
You hit Maurice. You drain Maurice. You hit the black bear. You miss something.
Something hits you.
* * * LOW HITPOINT WARNING * * *
Something burns you.
You die...

#### ###### #..#
#....## ##>## #...##
# #..# #...#######
####..#
#.........##..
..#[..###
#....†....$...P
........###
#5.hF.###...?.P
..........####.#@{h#
.PPh..
..............###@.#
.l@P.
.............##
##..# .Y...
............[##
#..(#


PFP# #.....###.....# ##.... ..P# #..#### ####..# ..... ...# #..# #.... ..## #..#
.... .## ##..# You could see Maurice (drained), 2 black bears, a bullfrog and a
friendly shadow imp (summoned).

Vanquished Creatures
  An elephant (D:8)
  Joseph (D:7)
  A komodo dragon (D:8)
  Menkaure (D:6)
  A water moccasin (D:6)
  3 orc warriors
  A sky beast (D:8)
  3 black bears
  5 ogres
  3 centaurs
  2 lemures (D:8)
  2 phantoms (D:6)
  A bullfrog (D:8)
  A scorpion (D:3)
  2 howler monkeys
  2 hounds
  7 orc priests
  4 iguanas
  3 sleepcaps
  12 orc wizards
  A mummy (Ossuary)
  8 adders
  4 dart slugs
  27 orcs
  2 spectral bats (Ossuary)
  8 ball pythons
  3 bats (D:1)
  5 endoplasms
  4 giant cockroaches
  12 gnoll zombies (Ossuary)
  8 goblins
  7 hobgoblins
  3 quokkas
  3 bat simulacra (Ossuary)
  4 frilled lizards
  2 goblin simulacra (Ossuary)
  A goblin zombie (Ossuary)
  5 hobgoblin zombies (Ossuary)
  7 kobolds
  A kobold simulacrum (Ossuary)
  4 kobold zombies (Ossuary)
  6 orc zombies (Ossuary)
  4 rats
  A rat simulacrum (Ossuary)
  5 spectral goblins (Ossuary)
  8 spectral kobolds (Ossuary)
  3 spectral rats (Ossuary)
202 creatures vanquished.

Vanquished Creatures (collateral kills)
  Pikel (D:8)
  A hobgoblin (D:1)
  A quokka (D:1)
  2 hobgoblin zombies (Ossuary)
5 creatures vanquished.

Grand Total: 207 creatures vanquished

Notes
Turn   | Place    | Note
-------+----------+-------------------------------------------
     0 | D:1      | IdlyInterested the Demonspawn Fighter began the quest for
                  | the Orb.
     0 | D:1      | Reached XP level 1. HP: 18/18 MP: 1/1
   187 | D:1      | Gained mutation: A weak demonic guardian rushes to your
                  | aid. [demonic ancestry]
   187 | D:1      | Reached XP level 2. HP: 24/24 MP: 2/2
  1151 | D:2      | Gained mutation: You are partially covered in sharp spines.
                  | [demonic ancestry]
  1151 | D:2      | Reached XP level 3. HP: 30/30 MP: 3/3
  1224 | D:2      | Reached skill level 4 in Fighting
  1648 | D:3      | Reached skill level 1 in Stealth
  1879 | D:3      | Noticed a scorpion
  1896 | D:3      | Killed a scorpion
  1897 | D:3      | Gained mutation: You are partially covered in slimy green
                  | scales. (AC +2) [demonic ancestry]
  1897 | D:3      | Reached XP level 4. HP: 38/38 MP: 4/4
  2251 | D:4      | Reached skill level 5 in Fighting
  2257 | D:4      | Gained mutation: Your touch may inflict minor irresistible
                  | damage on your foes. [demonic ancestry]
  2257 | D:4      | Reached XP level 5. HP: 27/44 MP: 5/5
  2640 | D:4      | Noticed an ogre
  2650 | D:4      | Killed an ogre
  2651 | D:4      | Gained mutation: Your touch may inflict irresistible damage
                  | on your foes. [demonic ancestry]
  2651 | D:4      | Reached XP level 6. HP: 52/52 MP: 6/6
  2659 | D:4      | Reached skill level 6 in Fighting
  3181 | D:5      | Entered Level 5 of the Dungeon
  3329 | D:5      | Reached skill level 1 in Dodging
  3377 | D:5      | Gained mutation: You have a pair of small horns on your
                  | head. [potion of mutation]
  3377 | D:5      | Gained mutation: You possess an exceptional clarity of
                  | mind. [potion of mutation]
  3482 | D:5      | Found a blossoming altar of Fedhas.
  3641 | D:5      | Reached skill level 1 in Throwing
  3672 | D:5      | Reached XP level 7. HP: 59/59 MP: 7/7
  3836 | D:5      | Reached skill level 7 in Fighting
  3836 | D:5      | Reached skill level 1 in Evocations
  4304 | D:6      | Found a sand-covered staircase.
  4322 | Ossuary  | Entered an ossuary
  4935 | D:6      | Reached skill level 8 in Fighting
  4975 | D:6      | Reached XP level 8. HP: 58/69 MP: 8/8
  4984 | D:6      | Found a staircase to the Ecumenical Temple.
  4996 | Temple   | Entered the Ecumenical Temple
  5374 | D:6      | Noticed Menkaure
  5381 | D:6      | Killed Menkaure
  5382 | D:6      | Reached skill level 9 in Fighting
  5809 | D:6      | Found a snail-covered altar of Cheibriados.
  5811 | D:6      | Found a stormy altar of Qazlal.
  5811 | D:6      | Found a shimmering blue altar of Sif Muna.
  5974 | D:7      | Reached skill level 1 in Axes
  6135 | D:7      | Noticed Joseph
  6155 | D:7      | Killed Joseph
  6156 | D:7      | Reached skill level 10 in Fighting
  6156 | D:7      | Reached XP level 9. HP: 21/79 MP: 9/9
  7011 | D:7      | Reached skill level 11 in Fighting
  7463 | D:8      | Found a broken altar of Ashenzari.
  7486 | D:8      | Noticed Pikel
  7506 | D:8      | Killed Pikel
  7507 | D:8      | Reached skill level 12 in Fighting
  7940 | D:8      | Noticed Erica
  7940 | D:8      | Noticed a komodo dragon
  7941 | D:8      | Noticed an elephant
  7941 | D:8      | Noticed Maurice
  7954 | D:8      | Killed a komodo dragon
  7962 | D:8      | HP: 2/83 [something/lance of force (14)]
  7963 | D:8      | Killed an elephant
  7963 | D:8      | Slain by Erica

Illustrated notes

Levels and vault maps discovered:
D:1:      erik_arrival_blinker_ship, layout_basic, serial_forest,
          infiniplex_forest_lined_3, infiniplex_forest_diagonal,
          infiniplex_forest_clump_tiny, infiniplex_forest_clump_tiny,
          infiniplex_forest_clump_small, infiniplex_forest_clump_medium,
          infiniplex_forest_lined_4_way, infiniplex_forest_straight_3,
          infiniplex_forest_clump_small, nrook_mini_backslash,
          chequers_serial_rivers_micro_c, hangedman_feature_mirror
D:2:      layout_rooms
D:3:      layout_basic, minmay_misc_feat_square, grunt_decor_junction
D:4:      layout_basic
D:5:      layout_basic, fedhas_altar_1
D:6:      layout_basic, mainiacjoe_overflow_alcove_3, minmay_temple_entry_trees,
          nicolae_ossuary_entry_plus, minmay_misc_feat_x, lightli_minifort,
          uniq_menkaure
D:7:      layout_loops_corners, uniq_joseph
D:8:      layout_layer_cave, mainiacjoe_overflow_tiny_flanked,
          grunt_lair_entry_orc_guard_hut, uniq_erica, uniq_maurice, uniq_pikel
Temple:   dshaligram_water_room_temple

Skill      XL: |  1  2  3  4  5  6  7  8  9 |
---------------+----------------------------+-----
Armour         | 3 4 |  4.0
Fighting       | 4 5 6 8 10 12 | 12.5
Stealth        | 1 2 3 4 |  4.0
Dodging        | 1 2 |  2.0
Throwing       | 1 2 |  2.0
Evocations     | 1 2 |  2.0
Axes           | 2 |  2.7
Unarmed Combat | 2 |  2.0
Shields        | |  2.6

Action                     |  1- 3 |  4- 6 |  7- 9 || total
---------------------------+-------+-------+-------++-------
  Melee: Unarmed           |   162 |   104 |   315 ||   581
         War axe           |       |     6 |       ||     6
         Touch             |       |    16 |    72 ||    88
         Punch             |       |     1 |     8 ||     9
         Headbutt          |       |     5 |    85 ||    90
         Hand axe          |       |       |    12 ||    12
  Throw: Dart              |       |     5 |       ||     5
         Stone             |       |       |    18 ||    18
    Use: Scroll            |     2 |     3 |     2 ||     7
         Potion            |     1 |     2 |     7 ||    10
   Stab: Distracted        |       |       |     2 ||     2
 Armour: Scale mail        |    64 |       |       ||    64
         Plate armour      |     9 |    76 |   302 ||   387
  Dodge: Dodged            |    49 |    20 |    70 ||   139
  Block: Buckler           |   102 |    28 |       ||   130
         Reflection        |     1 |       |     3 ||     4
         Other             |       |    12 |    47 ||    59

Table legend: (Time is in decaauts)
 A = Elapsed time spent in this place.
 B = Non-inter-level travel time spent in this place.
 C = Inter-level travel time spent in this place.
 D = Time resting spent in this place.
 E = Time spent auto-exploring this place.
 F = Levels seen in this place.
 G = Mean time per level.
                   A        B        C        D        E       F      G
               +--------+--------+--------+--------+--------+-----+--------+
         Total |   7935 |   7070 |    865 |    904 |   4123 |  10 |  793.5 |
       Dungeon |   7420 |   6555 |    865 |    804 |   4122 |   8 |  927.5 |
        Temple |      1 |      1 |      0 |      0 |      0 |   1 |    1.0 |
       Ossuary |    513 |    513 |      0 |    100 |      1 |   1 |  513.0 |
               +--------+--------+--------+--------+--------+-----+--------+

Top non-repeatable levels by time:
     D:7: 1355 daAuts
     D:6: 1240 daAuts
     D:1: 1086 daAuts
     D:4: 1009 daAuts
     D:5: 940 daAuts
     D:3: 740 daAuts
     D:2: 528 daAuts
     D:8: 520 daAuts
 Ossuary: 513 daAuts
  Temple: 1 daAuts
